NULL
Full Scoreboard »»

Penguins vs Islanders

Created - February 15, 2024 at 22:18

Goals
1 2 3 T
Penguins 0 1 1 2
Islanders 0 1 0 1
Shots
1 2 3 T
Penguins 18 7 10 35
Islanders 10 15 9 34

GoalsPenalties
1st period
No Goal
Clayton Keller (NYI) for Interference (Minor) at 7:30
Anders Lee (NYI) for Fighting (Major) at 10:56
Arthur Kaliyev (PIT) for Fighting (Major) at 10:56
Jacob Trouba (NYI) for Hooking (Minor) at 16:20
2nd period
1. Islanders , David Perron 11 (Brock Nelson 15, Adam Fantilli 12) at 9:33 (PP)
2. Penguins , Evan Rodrigues 8 (Marc-Edouard Vlasic 5, Charlie Coyle 12) at 17:37
Bowen Byram (NYI) for Hooking (Minor) at 1:36
Anders Lee (NYI) for Roughing (Minor) at 3:44
Matt Boldy (PIT) for Interference (Minor) at 8:16
Boone Jenner (NYI) for Fighting (Major) at 12:23
Zack MacEwen (PIT) for Fighting (Major) at 12:23
Boone Jenner (NYI) for Fighting (Major) at 18:04
Matt Boldy (PIT) for Fighting (Major) at 18:04
3rd period
3. Penguins , Pat Maroon 4 (Evan Rodrigues 15, Arthur Kaliyev 11) at 14:56
Joel Edmundson (PIT) for Holding (Minor) at 5:08
Jesper Bratt (NYI) for Tripping (Minor) at 15:18
Goalie Stats
Scott Wedgewood (PIT), 33 saves from 34 shots - (0.971), W, 11-4-3, 60:00 minutes
Karel Vejmelka (NYI), 33 saves from 35 shots - (0.943), L, 13-12-0, 59:48 minutes
3 StarsOfficial
1 - Evan Rodrigues (PIT)
2 - Scott Wedgewood (PIT)
3 - Pat Maroon (PIT)
Referees : Unknown
Linesman : Unknown
Game Note
Anders Lee beats up Arthur Kaliyev at 10:56 of 1st period
Boone Jenner and Zack MacEwen fight to a draw at 12:23 of 2nd period
Boone Jenner and Matt Boldy fight to a draw at 18:04 of 2nd period



Team Name Goals Shots Shots Attemp Shots Blocked PIM HIT PP PK FO%
Penguins 23568619210 / 5 (0%)149%
Islanders 134631125281 / 2 (50%)051%

Penguins
Player Name POS G A P +/- PIM HIT SHT SB MP PP MP PP SHT PK MP PK SHT FO% FOT GA TA
Alex GoligoskiD0001004221:165:1611:5100% 001
Arthur KaliyevLW0110510012:410:0600:0000% 011
Brock McGinnLW/RW000001309:040:0000:0000% 000
Charlie CoyleC/LW/RW0112033018:494:5411:23053% 1910
Dominik SimonC/LW/RW000001007:430:0000:0000% 001
Evan RodriguesC/LW/RW1122044217:264:5410:0000% 011
Evgeny SvechnikovLW/RW0000040013:170:0000:42050% 200
Jake GuentzelC/LW/RW0000003120:405:0111:53057% 2310
Joel EdmundsonD0000200018:280:0000:0000% 000
Marc-Edouard VlasicD0110003015:200:0000:0000% 000
Matt BoldyLW0000713017:544:5511:1100% 000
Mattias EkholmD0001001020:384:3911:2500% 011
Pat MaroonLW/RW1012011017:314:5200:0000% 000
Ryan PulockD0001000021:165:1601:5100% 011
Sean MonahanC0000014014:320:0800:00039% 1811
Thomas ChabotD0001013023:244:3901:2500% 000
Tyler SeguinC/RW0000022019:404:5501:23040% 520
Zack MacEwenC/RW000051117:000:0000:00050% 400
Islanders
Player Name POS G A P +/- PIM HIT SHT SB MP PP MP PP SHT PK MP PK SHT FO% FOT GA TA
Adam FantilliC0110023015:010:3000:00064% 1400
Anders LeeC/LW/RW000-1724115:592:4610:0300% 100
Barrett HaytonC000-1025013:070:0004:46250% 1200
Boone JennerC/LW/RW00001000015:000:0004:460100% 120
Bowen ByramD000-1220121:251:1103:4600% 003
Brady SkjeiD000-1001023:372:0505:2500% 000
Brock NelsonC/LW/RW0110014012:510:3000:0300% 010
Chandler StephensonC/LW0000032018:430:0005:06050% 1810
Clayton KellerC/LW/RW000-1241016:402:4600:00041% 2200
David PerronLW/RW1010024112:350:3010:000100% 110
Dysin MayoD0000010014:220:0000:0000% 000
Jacob TroubaD000-1213220:441:1103:2800% 002
Jake McCabeD000-1030424:332:0505:2000% 023
Jesper BrattLW/RW000-1223016:112:4610:0000% 100
Kyle CapobiancoD0000011215:260:0001:5100% 001
Kyle OkposoLW/RW000-100007:500:0000:0000% 000
Nick BoninoC/LW/RW000-101107:500:0000:0000% 000
Nick SchmaltzC/LW/RW0000012018:030:0005:060100% 100

Penguins

5 vs 5 Forward
Line #Left WingCenterRight WingPHYDFOFWanted %Time %Time Play
1Matt BoldyJake GuentzelTyler Seguin1223028%12:50
2Evan RodriguesCharlie CoylePat Maroon1223028%12:45
3Arthur KaliyevSean MonahanEvgeny Svechnikov1223027%12:35
4Brock McGinnZack MacEwenDominik Simon1221017%7:43
5 vs 5 Defense
Line #DefenseDefensePHYDFOFWanted %Time %Time Play
1Thomas ChabotMattias Ekholm1223032%14:29
2Ryan PulockAlex Goligoski1223031%14:09
3Marc-Edouard VlasicJoel Edmundson1223032%14:29
4Joel EdmundsonThomas Chabot122106%2:46
Power Play Forward
Line #Left WingCenterRight WingPHYDFOFWanted %Time %Time Play
1Matt BoldyJake GuentzelTyler Seguin1225051%5:01
2Evan RodriguesCharlie CoylePat Maroon1225049%4:54
Power Play Defense
Line #DefenseDefensePHYDFOFWanted %Time %Time Play
1Thomas ChabotMattias Ekholm1225047%4:39
2Ryan PulockAlex Goligoski1225053%5:16
Penalty Kill 4 Players Forward
Line #CenterWingPHYDFOFWanted %Time %Time Play
1Jake GuentzelMatt Boldy1225058%1:53
2Tyler SeguinCharlie Coyle1225042%1:23
Penalty Kill 4 Players Defense
Line #DefenseDefensePHYDFOFWanted %Time %Time Play
1Thomas ChabotMattias Ekholm1225043%1:25
2Ryan PulockAlex Goligoski1225057%1:51
Penalty Kill 3 Players
Line #WingPHYDFOFWanted %Time %Time PlayDefenseDefensePHYDFOFWanted %Time %Time Play
1Jake Guentzel122500%0:00 Thomas ChabotMattias Ekholm122500%0:00
2Matt Boldy122500%0:00 Ryan PulockAlex Goligoski122500%0:00
4 vs 4 Forward
Line #CenterWingPHYDFOFWanted %Time %Time Play
1Jake GuentzelMatt Boldy122500%0:00
2Tyler SeguinCharlie Coyle122500%0:00
4 vs 4 Defense
Line #DefensePHYDFOFWanted %Time %Time Play
1Thomas ChabotMattias Ekholm122500%0:00
2Ryan PulockAlex Goligoski122500%0:00
Last Minutes Offensive
Left WingCenterRight WingDefenseDefense
Matt BoldyJake GuentzelTyler SeguinThomas ChabotMattias Ekholm
Last Minutes Defensive
Left WingCenterRight WingDefenseDefense
Matt BoldyJake GuentzelTyler SeguinThomas ChabotMattias Ekholm
Time
Total ForwardTotal DefenseLast Minutes OffensiveLast Minutes Defensive
60:00 60:00 0:000:56
Extra Forwards
Normal PowerPlayPenalty Kill
Sean Monahan, Arthur Kaliyev, Evgeny SvechnikovSean Monahan, Arthur KaliyevEvgeny Svechnikov
Extra Defensemen
Normal PowerPlayPenalty Kill
Marc-Edouard Vlasic, Joel Edmundson, Alex GoligoskiMarc-Edouard Vlasic, Joel EdmundsonRyan Pulock
Penalty Shots
Jake Guentzel, Matt Boldy, Tyler Seguin, Charlie Coyle, Evan Rodrigues
Goalie
Scott Wedgewood, Ilya Sorokin
Custom OT Lines Forwards
Jake Guentzel, Matt Boldy, Tyler Seguin, Charlie Coyle, Evan Rodrigues, Sean Monahan, Pat Maroon, Arthur Kaliyev, Evgeny Svechnikov, Brock McGinn
Custom OT Lines Defensemen
Thomas Chabot, Mattias Ekholm, Ryan Pulock, Alex Goligoski, Marc-Edouard Vlasic
Scratches
Joe Pavelski (Healthy), Robert Hagg (Healthy)

Islanders

5 vs 5 Forward
Line #Left WingCenterRight WingPHYDFOFWanted %Time %Time Play
1Jesper BrattClayton KellerAnders Lee1223028%12:43
2David PerronAdam FantilliBrock Nelson1043028%12:38
3Nick SchmaltzChandler StephensonBoone Jenner1223028%12:42
4Nick BoninoBarrett HaytonKyle Okposo1221017%7:50
5 vs 5 Defense
Line #DefenseDefensePHYDFOFWanted %Time %Time Play
1Jacob TroubaBrady Skjei1223537%16:46
2Jake McCabeBowen Byram1223534%15:34
3Dysin MayoKyle Capobianco1223030%13:33
4Jacob TroubaBrady Skjei12200%0:00
Power Play Forward
Line #Left WingCenterRight WingPHYDFOFWanted %Time %Time Play
1Jesper BrattClayton KellerAnders Lee1225085%2:46
2David PerronAdam FantilliBrock Nelson1225015%0:30
Power Play Defense
Line #DefenseDefensePHYDFOFWanted %Time %Time Play
1Jacob TroubaBowen Byram1225036%1:11
2Brady SkjeiJake McCabe1225064%2:05
Penalty Kill 4 Players Forward
Line #CenterWingPHYDFOFWanted %Time %Time Play
1Chandler StephensonNick Schmaltz1225051%5:06
2Barrett HaytonBoone Jenner1225049%4:49
Penalty Kill 4 Players Defense
Line #DefenseDefensePHYDFOFWanted %Time %Time Play
1Brady SkjeiJake McCabe1225054%5:20
2Jacob TroubaBowen Byram1225046%4:35
Penalty Kill 3 Players
Line #WingPHYDFOFWanted %Time %Time PlayDefenseDefensePHYDFOFWanted %Time %Time Play
1Jesper Bratt122500%0:00 Jacob TroubaBrady Skjei122500%0:00
2Clayton Keller122500%0:00 Jake McCabeBowen Byram122500%0:00
4 vs 4 Forward
Line #CenterWingPHYDFOFWanted %Time %Time Play
1Jesper BrattClayton Keller122500%0:00
2Anders LeeDavid Perron122500%0:00
4 vs 4 Defense
Line #DefensePHYDFOFWanted %Time %Time Play
1Jacob TroubaBrady Skjei122500%0:00
2Jake McCabeBowen Byram122500%0:00
Last Minutes Offensive
Left WingCenterRight WingDefenseDefense
Jesper BrattClayton KellerAnders LeeJacob TroubaBrady Skjei
Last Minutes Defensive
Left WingCenterRight WingDefenseDefense
Jesper BrattClayton KellerAnders LeeJacob TroubaBrady Skjei
Time
Total ForwardTotal DefenseLast Minutes OffensiveLast Minutes Defensive
60:00 60:00 0:560:00
Extra Forwards
Normal PowerPlayPenalty Kill
Adam Fantilli, Chandler Stephenson, Nick SchmaltzAdam Fantilli, Chandler StephensonNick Schmaltz
Extra Defensemen
Normal PowerPlayPenalty Kill
Dysin Mayo, Kyle Capobianco, Jake McCabeDysin Mayo, Kyle CapobiancoJake McCabe
Penalty Shots
Jesper Bratt, Clayton Keller, Anders Lee, David Perron, Boone Jenner
Goalie
Karel Vejmelka, Joseph Woll
Custom OT Lines Forwards
Jesper Bratt, Clayton Keller, Anders Lee, David Perron, Boone Jenner, Brock Nelson, Chandler Stephenson, Nick Schmaltz, Barrett Hayton, Adam Fantilli
Custom OT Lines Defensemen
Jacob Trouba, Brady Skjei, Jake McCabe, Bowen Byram, Dysin Mayo
Scratches
Barclay Goodrow (Healthy), Christian Dvorak (Healthy), Lars Eller (Healthy), Tyler Johnson (Healthy)


Play-by-Play

1st period


0:01 of 1st period - Jake Guentzel wins face-off versus Clayton Keller in neutral zone.
0:54 of 1st period - Slapshot by Barrett Hayton.
0:54 of 1st period - Stopped by Scott Wedgewood with a rebound.
1:12 of 1st period - Snap shot by Brock McGinn.
1:12 of 1st period - Shot Misses the Net.
1:14 of 1st period - Wrist shot by Zack MacEwen.
1:14 of 1st period - Stopped by Karel Vejmelka without a rebound.
1:15 of 1st period - Jake Guentzel wins face-off versus Chandler Stephenson in Islanders zone.
1:20 of 1st period - Slapshot by Tyler Seguin.
1:20 of 1st period - Deflect By Matt Boldy.
1:20 of 1st period - Shot Misses the Net.
1:20 of 1st period - Puck is out of play.
1:21 of 1st period - Jake Guentzel wins face-off versus Adam Fantilli in Islanders zone.
1:36 of 1st period - Snap shot by Matt Boldy.
1:36 of 1st period - Deflect By Jake Guentzel.
1:36 of 1st period - Shot Blocked by Jake McCabe.
1:36 of 1st period - Puck is out of play.
1:37 of 1st period - Sean Monahan wins face-off versus Anders Lee in Islanders zone.
2:13 of 1st period - Off-side.
2:14 of 1st period - Adam Fantilli wins face-off versus Zack MacEwen in neutral zone.
2:25 of 1st period - Wrist shot by Brock McGinn.
2:25 of 1st period - Shot Misses the Net.
2:39 of 1st period - Dysin Mayo is hit by Pat Maroon and loses puck.
2:44 of 1st period - Slapshot by Thomas Chabot.
2:44 of 1st period - Stopped by Karel Vejmelka with a rebound.
3:10 of 1st period - Slapshot by Barrett Hayton.
3:10 of 1st period - Shot Misses the Net.
3:28 of 1st period - Slapshot by Anders Lee.
3:28 of 1st period - Stopped by Scott Wedgewood without a rebound.
3:29 of 1st period - Adam Fantilli wins face-off versus Sean Monahan in Penguins zone.
3:36 of 1st period - Snap shot by David Perron.
3:36 of 1st period - Stopped by Scott Wedgewood with a rebound.
3:38 of 1st period - Slapshot by Jacob Trouba.
3:38 of 1st period - Stopped by Scott Wedgewood without a rebound.
3:39 of 1st period - Adam Fantilli wins face-off versus Sean Monahan in Penguins zone.
3:56 of 1st period - Wrist shot by Brock Nelson.
3:56 of 1st period - Shot Misses the Net.
3:58 of 1st period - Wrist shot by Brock Nelson.
3:58 of 1st period - Stopped by Scott Wedgewood with a rebound.
4:00 of 1st period - Slapshot by Brady Skjei.
4:00 of 1st period - Shot Blocked by Alex Goligoski.
4:51 of 1st period - Wrist shot by Brock Nelson.
4:51 of 1st period - Stopped by Scott Wedgewood without a rebound.
4:52 of 1st period - Jake Guentzel wins face-off versus Clayton Keller in Penguins zone.
5:01 of 1st period - Matt Boldy is hit by Dysin Mayo and loses puck.
5:41 of 1st period - Snap shot by Barrett Hayton.
5:41 of 1st period - Stopped by Scott Wedgewood without a rebound.
5:42 of 1st period - Jake Guentzel wins face-off versus Barrett Hayton in Penguins zone.
6:30 of 1st period - Jake McCabe is hit by Zack MacEwen and loses puck.
6:57 of 1st period - Snap shot by Matt Boldy.
6:57 of 1st period - Stopped by Karel Vejmelka with a rebound.
6:59 of 1st period - Slapshot by Marc-Edouard Vlasic.
6:59 of 1st period - Stopped by Karel Vejmelka without a rebound.
7:00 of 1st period - Clayton Keller wins face-off versus Sean Monahan in Islanders zone.
7:11 of 1st period - Wrist shot by Clayton Keller.
7:11 of 1st period - Shot Misses the Net.
7:30 of 1st period - Minor Penalty to Clayton Keller for Interference.
7:31 of 1st period - Chandler Stephenson wins face-off versus Jake Guentzel in Islanders zone.
7:47 of 1st period - Snap shot by Jake Guentzel.
7:47 of 1st period - Stopped by Karel Vejmelka with a rebound.
7:57 of 1st period - Thomas Chabot is hit by Chandler Stephenson and loses puck.
8:16 of 1st period - Ryan Pulock is hit by Barrett Hayton and loses puck.
9:28 of 1st period - Icing by Tyler Seguin.
9:29 of 1st period - Barrett Hayton wins face-off versus Jake Guentzel in Penguins zone.
9:30 of 1st period - Penalty to Clayton Keller is over, Clayton Keller is back on ice.
9:38 of 1st period - Slapshot by Boone Jenner.
9:38 of 1st period - Shot Misses the Net.
9:40 of 1st period - Slapshot by Barrett Hayton.
9:40 of 1st period - Shot Misses the Net.
10:00 of 1st period - Snap shot by Boone Jenner.
10:00 of 1st period - Deflect By Barrett Hayton.
10:00 of 1st period - Shot Misses the Net.
10:00 of 1st period - Puck is out of play.
10:01 of 1st period - Adam Fantilli wins face-off versus Charlie Coyle in Penguins zone.
10:10 of 1st period - Snap shot by Adam Fantilli.
10:10 of 1st period - Stopped by Scott Wedgewood with a rebound.
10:30 of 1st period - Snap shot by Brock McGinn.
10:30 of 1st period - Stopped by Karel Vejmelka with a rebound.
10:32 of 1st period - Slapshot by Marc-Edouard Vlasic.
10:32 of 1st period - Stopped by Karel Vejmelka with a rebound.
10:34 of 1st period - Slapshot by Joel Edmundson.
10:34 of 1st period - Shot Blocked by Kyle Capobianco.
10:36 of 1st period - Wrist shot by Zack MacEwen.
10:36 of 1st period - Shot Misses the Net.
10:38 of 1st period - Slapshot by Thomas Chabot.
10:38 of 1st period - Shot Misses the Net.
10:47 of 1st period - Off-side.
10:48 of 1st period - Sean Monahan wins face-off versus Clayton Keller in neutral zone.
10:51 of 1st period - Slapshot by Sean Monahan.
10:51 of 1st period - Stopped by Karel Vejmelka with a rebound.
10:53 of 1st period - Slapshot by Evgeny Svechnikov.
10:53 of 1st period - Shot Blocked by Bowen Byram.
10:55 of 1st period - Slapshot by Marc-Edouard Vlasic.
10:55 of 1st period - Shot Blocked by Anders Lee.
10:56 of 1st period - Anders Lee beats up Arthur Kaliyev.
10:56 of 1st period - Penalty to Anders Lee for Fighting.
10:56 of 1st period - Penalty to Arthur Kaliyev for Fighting.
10:57 of 1st period - Chandler Stephenson wins face-off versus Jake Guentzel in Islanders zone.
11:02 of 1st period - Snap shot by Nick Schmaltz.
11:02 of 1st period - Shot Misses the Net.
11:13 of 1st period - Off-side.
11:14 of 1st period - Clayton Keller wins face-off versus Charlie Coyle in neutral zone.
11:17 of 1st period - Evan Rodrigues is hit by Jesper Bratt and loses puck.
12:12 of 1st period - Snap shot by Sean Monahan.
12:12 of 1st period - Shot Misses the Net.
12:24 of 1st period - Snap shot by Sean Monahan.
12:24 of 1st period - Stopped by Karel Vejmelka without a rebound.
12:25 of 1st period - Adam Fantilli wins face-off versus Charlie Coyle in Islanders zone.
12:50 of 1st period - Dysin Mayo is hit by Evgeny Svechnikov and loses puck.
13:13 of 1st period - Snap shot by Chandler Stephenson.
13:13 of 1st period - Shot Misses the Net.
13:23 of 1st period - Snap shot by Tyler Seguin.
13:23 of 1st period - Stopped by Karel Vejmelka without a rebound.
13:24 of 1st period - Clayton Keller wins face-off versus Charlie Coyle in Islanders zone.
13:24 of 1st period - Clayton Keller is hit by Thomas Chabot.
13:32 of 1st period - Wrist shot by Jesper Bratt.
13:32 of 1st period - Shot Blocked by Evan Rodrigues.
13:40 of 1st period - Snap shot by Charlie Coyle.
13:40 of 1st period - Stopped by Karel Vejmelka with a rebound.
13:50 of 1st period - Clayton Keller is hit by Sean Monahan and loses puck.
14:03 of 1st period - Slapshot by Alex Goligoski.
14:03 of 1st period - Deflect By Chandler Stephenson.
14:03 of 1st period - Stopped by Karel Vejmelka without a rebound.
14:04 of 1st period - Barrett Hayton wins face-off versus Jake Guentzel in Islanders zone.
14:41 of 1st period - Wrist shot by Adam Fantilli.
14:41 of 1st period - Shot Blocked by Evan Rodrigues.
14:57 of 1st period - Nick Schmaltz is hit by Evgeny Svechnikov.
15:38 of 1st period - Barrett Hayton is hit by Evan Rodrigues.
15:39 of 1st period - Icing by Barrett Hayton.
15:40 of 1st period - Charlie Coyle wins face-off versus Barrett Hayton in Islanders zone.
15:49 of 1st period - Charlie Coyle is hit by Jake McCabe and loses puck.
15:56 of 1st period - Slapshot by Alex Goligoski.
15:56 of 1st period - Deflect By Bowen Byram.
15:56 of 1st period - Stopped by Karel Vejmelka without a rebound.
15:57 of 1st period - Chandler Stephenson wins face-off versus Tyler Seguin in Islanders zone.
16:11 of 1st period - Slapshot by Nick Schmaltz.
16:11 of 1st period - Stopped by Scott Wedgewood without a rebound.
16:12 of 1st period - Sean Monahan wins face-off versus Clayton Keller in Penguins zone.
16:12 of 1st period - Sean Monahan is hit by Clayton Keller.
16:18 of 1st period - Slapshot by Thomas Chabot.
16:18 of 1st period - Stopped by Karel Vejmelka with a rebound.
16:20 of 1st period - Minor Penalty to Jacob Trouba for Hooking.
16:21 of 1st period - Charlie Coyle wins face-off versus Barrett Hayton in Islanders zone.
16:22 of 1st period - Slapshot by Evan Rodrigues.
16:22 of 1st period - Stopped by Karel Vejmelka without a rebound.
16:23 of 1st period - Charlie Coyle wins face-off versus Barrett Hayton in Islanders zone.
16:55 of 1st period - Snap shot by Matt Boldy.
16:55 of 1st period - Stopped by Karel Vejmelka with a rebound.
16:57 of 1st period - Snap shot by Mattias Ekholm.
16:57 of 1st period - Deflect By Boone Jenner.
16:57 of 1st period - Stopped by Karel Vejmelka without a rebound.
16:58 of 1st period - Chandler Stephenson wins face-off versus Charlie Coyle in Islanders zone.
17:23 of 1st period - Jake McCabe is hit by Matt Boldy and loses puck.
18:20 of 1st period - Penalty to Jacob Trouba is over, Jacob Trouba is back on ice.
19:06 of 1st period - Dominik Simon is hit by Brock Nelson and loses puck.
19:20 of 1st period - Wrist shot by David Perron.
19:20 of 1st period - Shot Misses the Net.
19:22 of 1st period - Snap shot by Adam Fantilli.
19:22 of 1st period - Shot Misses the Net.
19:28 of 1st period - Snap shot by David Perron.
19:28 of 1st period - Stopped by Scott Wedgewood without a rebound.
19:29 of 1st period - Tyler Seguin wins face-off versus Chandler Stephenson in Penguins zone.
19:36 of 1st period - Wrist shot by Tyler Seguin.
19:36 of 1st period - Stopped by Karel Vejmelka without a rebound.
19:37 of 1st period - Chandler Stephenson wins face-off versus Tyler Seguin in Islanders zone.
19:53 of 1st period - Off-side.
19:54 of 1st period - Charlie Coyle wins face-off versus Clayton Keller in neutral zone.
Goals for this period are 0 for Penguins vs 0 for Islanders.
Shots for this period are 18 for Penguins vs 10 for Islanders.

2nd period


0:01 of 2nd period - Chandler Stephenson wins face-off versus Jake Guentzel in neutral zone.
0:06 of 2nd period - Slapshot by Boone Jenner.
0:06 of 2nd period - Shot Misses the Net.
0:14 of 2nd period - Snap shot by Jake Guentzel.
0:14 of 2nd period - Shot Blocked by Jake McCabe.
0:26 of 2nd period - Thomas Chabot is hit by Anders Lee and loses puck.
0:37 of 2nd period - Slapshot by Jesper Bratt.
0:37 of 2nd period - Shot Misses the Net.
0:47 of 2nd period - Snap shot by Adam Fantilli.
0:47 of 2nd period - Stopped by Scott Wedgewood without a rebound.
0:48 of 2nd period - Sean Monahan wins face-off versus Adam Fantilli in Penguins zone.
0:48 of 2nd period - Sean Monahan is hit by Adam Fantilli.
1:14 of 2nd period - Jake Guentzel is hit by Chandler Stephenson and loses puck.
1:21 of 2nd period - Snap shot by Chandler Stephenson.
1:21 of 2nd period - Stopped by Scott Wedgewood with a rebound.
1:23 of 2nd period - Wrist shot by Chandler Stephenson.
1:23 of 2nd period - Shot Misses the Net.
1:36 of 2nd period - Minor Penalty to Bowen Byram for Hooking.
1:37 of 2nd period - Charlie Coyle wins face-off versus Chandler Stephenson in Islanders zone.
1:37 of 2nd period - Snap shot by Evan Rodrigues.
1:37 of 2nd period - Shot Misses the Net.
2:23 of 2nd period - Brady Skjei is hit by Evan Rodrigues and loses puck.
2:55 of 2nd period - Snap shot by Barrett Hayton.
2:55 of 2nd period - Stopped by Scott Wedgewood without a rebound.
2:56 of 2nd period - Barrett Hayton wins face-off versus Jake Guentzel in Penguins zone.
3:01 of 2nd period - Wrist shot by Barrett Hayton.
3:01 of 2nd period - Stopped by Scott Wedgewood without a rebound.
3:02 of 2nd period - Barrett Hayton wins face-off versus Charlie Coyle in Penguins zone.
3:03 of 2nd period - Wrist shot by Boone Jenner.
3:03 of 2nd period - Shot Misses the Net.
3:36 of 2nd period - Penalty to Bowen Byram is over, Bowen Byram is back on ice.
3:37 of 2nd period - Slapshot by Jake Guentzel.
3:37 of 2nd period - Stopped by Karel Vejmelka without a rebound.
3:38 of 2nd period - Sean Monahan wins face-off versus Clayton Keller in Islanders zone.
3:44 of 2nd period - Minor Penalty to Anders Lee for Roughing.
3:45 of 2nd period - Jake Guentzel wins face-off versus Barrett Hayton in Islanders zone.
4:16 of 2nd period - Jacob Trouba is hit by Evan Rodrigues and loses puck.
5:44 of 2nd period - Penalty to Anders Lee is over, Anders Lee is back on ice.
6:01 of 2nd period - Snap shot by Adam Fantilli.
6:01 of 2nd period - Stopped by Scott Wedgewood with a rebound.
6:03 of 2nd period - Slapshot by Kyle Capobianco.
6:03 of 2nd period - Stopped by Scott Wedgewood with a rebound.
6:05 of 2nd period - Slapshot by David Perron.
6:05 of 2nd period - Shot Misses the Net.
6:17 of 2nd period - Dysin Mayo is hit by Arthur Kaliyev and loses puck.
7:24 of 2nd period - Slapshot by Jacob Trouba.
7:24 of 2nd period - Stopped by Scott Wedgewood with a rebound.
7:26 of 2nd period - Backhand shot by Nick Bonino.
7:26 of 2nd period - Stopped by Scott Wedgewood without a rebound.
7:27 of 2nd period - Zack MacEwen wins face-off versus Barrett Hayton in Penguins zone.
8:08 of 2nd period - Jake McCabe is hit by Tyler Seguin and loses puck.
8:16 of 2nd period - Minor Penalty to Matt Boldy for Interference.
8:17 of 2nd period - Jake Guentzel wins face-off versus Clayton Keller in Penguins zone.
8:46 of 2nd period - Slapshot by Tyler Seguin.
8:46 of 2nd period - Shot Misses the Net.
8:52 of 2nd period - Alex Goligoski is hit by Clayton Keller and loses puck.
9:25 of 2nd period - Wrist shot by Jesper Bratt.
9:25 of 2nd period - Stopped by Scott Wedgewood with a rebound.
9:27 of 2nd period - Slapshot by Anders Lee.
9:27 of 2nd period - Stopped by Scott Wedgewood without a rebound.
9:28 of 2nd period - Adam Fantilli wins face-off versus Tyler Seguin in Penguins zone.
9:33 of 2nd period - Wrist shot by David Perron.
9:33 of 2nd period - Goal by David Perron - Penguins : 0 - Islanders : 1.
9:34 of 2nd period - Chandler Stephenson wins face-off versus Charlie Coyle in neutral zone.
9:41 of 2nd period - Snap shot by Chandler Stephenson.
9:41 of 2nd period - Shot Misses the Net.
10:00 of 2nd period - Icing by Kyle Capobianco.
10:01 of 2nd period - Nick Schmaltz wins face-off versus Sean Monahan in Islanders zone.
10:27 of 2nd period - Kyle Capobianco is hit by Charlie Coyle and loses puck.
10:38 of 2nd period - Mattias Ekholm is hit by Chandler Stephenson and loses puck.
11:24 of 2nd period - Slapshot by Barrett Hayton.
11:24 of 2nd period - Stopped by Scott Wedgewood with a rebound.
11:26 of 2nd period - Snap shot by Jacob Trouba.
11:26 of 2nd period - Stopped by Scott Wedgewood with a rebound.
11:37 of 2nd period - Icing by David Perron.
11:38 of 2nd period - Adam Fantilli wins face-off versus Sean Monahan in Islanders zone.
11:38 of 2nd period - Adam Fantilli is hit by Evgeny Svechnikov.
12:10 of 2nd period - Snap shot by Brock McGinn.
12:10 of 2nd period - Stopped by Karel Vejmelka without a rebound.
12:11 of 2nd period - Chandler Stephenson wins face-off versus Zack MacEwen in Islanders zone.
12:23 of 2nd period - Boone Jenner and Zack MacEwen fight to a draw.
12:23 of 2nd period - Penalty to Boone Jenner for Fighting.
12:23 of 2nd period - Penalty to Zack MacEwen for Fighting.
12:24 of 2nd period - Charlie Coyle wins face-off versus Chandler Stephenson in neutral zone.
12:29 of 2nd period - Snap shot by Evan Rodrigues.
12:29 of 2nd period - Stopped by Karel Vejmelka without a rebound.
12:30 of 2nd period - Charlie Coyle wins face-off versus Chandler Stephenson in Islanders zone.
12:39 of 2nd period - Slapshot by Charlie Coyle.
12:39 of 2nd period - Stopped by Karel Vejmelka with a rebound.
12:55 of 2nd period - Slapshot by Ryan Pulock.
12:55 of 2nd period - Shot Misses the Net.
13:17 of 2nd period - Wrist shot by Brock Nelson.
13:17 of 2nd period - Stopped by Scott Wedgewood without a rebound.
13:18 of 2nd period - Adam Fantilli wins face-off versus Sean Monahan in Penguins zone.
13:43 of 2nd period - Clayton Keller is hit by Charlie Coyle and loses puck.
15:24 of 2nd period - Arthur Kaliyev is hit by Barrett Hayton and loses puck.
16:02 of 2nd period - Wrist shot by Matt Boldy.
16:02 of 2nd period - Stopped by Karel Vejmelka with a rebound.
16:14 of 2nd period - Brock Nelson is hit by Evgeny Svechnikov and loses puck.
16:25 of 2nd period - Evgeny Svechnikov is hit by Bowen Byram and loses puck.
16:41 of 2nd period - Charlie Coyle is hit by Nick Bonino and loses puck.
16:46 of 2nd period - Wrist shot by Barrett Hayton.
16:46 of 2nd period - Shot Blocked by Alex Goligoski.
16:54 of 2nd period - Dysin Mayo is hit by Charlie Coyle and loses puck.
17:10 of 2nd period - Charlie Coyle is hit by Jake McCabe and loses puck.
17:33 of 2nd period - Slapshot by Evan Rodrigues.
17:33 of 2nd period - Stopped by Karel Vejmelka with a rebound.
17:37 of 2nd period - Snap shot by Evan Rodrigues.
17:37 of 2nd period - Goal by Evan Rodrigues - Penguins : 1 - Islanders : 1.
17:38 of 2nd period - Clayton Keller wins face-off versus Sean Monahan in neutral zone.
17:49 of 2nd period - Wrist shot by Jesper Bratt.
17:49 of 2nd period - Shot Misses the Net.
17:51 of 2nd period - Snap shot by Clayton Keller.
17:51 of 2nd period - Shot Misses the Net.
17:53 of 2nd period - Slapshot by Clayton Keller.
17:53 of 2nd period - Stopped by Scott Wedgewood without a rebound.
17:54 of 2nd period - Chandler Stephenson wins face-off versus Jake Guentzel in Penguins zone.
18:04 of 2nd period - Boone Jenner and Matt Boldy fight to a draw.
18:04 of 2nd period - Penalty to Boone Jenner for Fighting.
18:04 of 2nd period - Penalty to Matt Boldy for Fighting.
18:05 of 2nd period - Sean Monahan wins face-off versus Jesper Bratt in Islanders zone.
18:06 of 2nd period - Wrist shot by Arthur Kaliyev.
18:06 of 2nd period - Shot Blocked by Jake McCabe.
18:16 of 2nd period - Snap shot by Arthur Kaliyev.
18:16 of 2nd period - Shot Misses the Net.
18:22 of 2nd period - Wrist shot by Clayton Keller.
18:22 of 2nd period - Shot Misses the Net.
19:50 of 2nd period - Ryan Pulock is hit by David Perron and loses puck.
Goals for this period are 1 for Penguins vs 1 for Islanders.
Shots for this period are 7 for Penguins vs 15 for Islanders.

3rd period


0:01 of 3rd period - David Perron wins face-off versus Evgeny Svechnikov in neutral zone.
0:06 of 3rd period - Slapshot by David Perron.
0:06 of 3rd period - Stopped by Scott Wedgewood without a rebound.
0:07 of 3rd period - Evgeny Svechnikov wins face-off versus Adam Fantilli in Penguins zone.
0:07 of 3rd period - Arthur Kaliyev is hit by Adam Fantilli and loses puck.
0:28 of 3rd period - Slapshot by Alex Goligoski.
0:28 of 3rd period - Shot Blocked by David Perron.
0:38 of 3rd period - Slapshot by Brock Nelson.
0:38 of 3rd period - Stopped by Scott Wedgewood without a rebound.
0:39 of 3rd period - Jake Guentzel wins face-off versus Chandler Stephenson in Penguins zone.
0:44 of 3rd period - Backhand shot by Chandler Stephenson.
0:44 of 3rd period - Stopped by Scott Wedgewood with a rebound.
1:10 of 3rd period - Slapshot by Jacob Trouba.
1:10 of 3rd period - Deflect By Nick Bonino.
1:10 of 3rd period - Shot Blocked by Zack MacEwen.
1:10 of 3rd period - Puck is out of play.
1:11 of 3rd period - Jake Guentzel wins face-off versus Clayton Keller in Penguins zone.
1:15 of 3rd period - Off-side.
1:16 of 3rd period - Clayton Keller wins face-off versus Jake Guentzel in neutral zone.
1:18 of 3rd period - Off-side.
1:19 of 3rd period - Clayton Keller wins face-off versus Jake Guentzel in neutral zone.
1:22 of 3rd period - Joel Edmundson is hit by Clayton Keller and loses puck.
2:02 of 3rd period - Snap shot by Jesper Bratt.
2:02 of 3rd period - Stopped by Scott Wedgewood without a rebound.
2:03 of 3rd period - Charlie Coyle wins face-off versus Chandler Stephenson in Penguins zone.
2:03 of 3rd period - Charlie Coyle is hit by Nick Schmaltz.
2:54 of 3rd period - Ryan Pulock is hit by David Perron and loses puck.
3:05 of 3rd period - Wrist shot by Chandler Stephenson.
3:05 of 3rd period - Shot Misses the Net.
3:07 of 3rd period - Snap shot by Nick Schmaltz.
3:07 of 3rd period - Stopped by Scott Wedgewood without a rebound.
3:08 of 3rd period - Jake Guentzel wins face-off versus Chandler Stephenson in Penguins zone.
3:17 of 3rd period - Snap shot by Anders Lee.
3:17 of 3rd period - Stopped by Scott Wedgewood without a rebound.
3:18 of 3rd period - Charlie Coyle wins face-off versus Adam Fantilli in Penguins zone.
3:27 of 3rd period - Snap shot by Evan Rodrigues.
3:27 of 3rd period - Shot Misses the Net.
3:29 of 3rd period - Slapshot by Marc-Edouard Vlasic.
3:29 of 3rd period - Shot Misses the Net.
3:53 of 3rd period - Snap shot by Arthur Kaliyev.
3:53 of 3rd period - Shot Misses the Net.
4:02 of 3rd period - Off-side.
4:03 of 3rd period - Jake Guentzel wins face-off versus Chandler Stephenson in neutral zone.
4:30 of 3rd period - Snap shot by Sean Monahan.
4:30 of 3rd period - Stopped by Karel Vejmelka with a rebound.
4:32 of 3rd period - Snap shot by Evgeny Svechnikov.
4:32 of 3rd period - Shot Misses the Net.
4:34 of 3rd period - Snap shot by Mattias Ekholm.
4:34 of 3rd period - Shot Misses the Net.
4:36 of 3rd period - Wrist shot by Arthur Kaliyev.
4:36 of 3rd period - Deflect By Sean Monahan.
4:36 of 3rd period - Shot Misses the Net.
4:36 of 3rd period - Puck is out of play.
4:37 of 3rd period - Clayton Keller wins face-off versus Charlie Coyle in Islanders zone.
5:08 of 3rd period - Minor Penalty to Joel Edmundson for Holding.
5:09 of 3rd period - Tyler Seguin wins face-off versus Adam Fantilli in Penguins zone.
5:25 of 3rd period - Snap shot by Jake Guentzel.
5:25 of 3rd period - Shot Blocked by Jake McCabe.
6:01 of 3rd period - Charlie Coyle is hit by Jake McCabe and loses puck.
7:08 of 3rd period - Penalty to Joel Edmundson is over, Joel Edmundson is back on ice.
7:30 of 3rd period - Slapshot by Jesper Bratt.
7:30 of 3rd period - Stopped by Scott Wedgewood without a rebound.
7:31 of 3rd period - Adam Fantilli wins face-off versus Sean Monahan in Penguins zone.
7:56 of 3rd period - Kyle Capobianco is hit by Brock McGinn and loses puck.
8:46 of 3rd period - Wrist shot by Sean Monahan.
8:46 of 3rd period - Shot Misses the Net.
8:48 of 3rd period - Wrist shot by Marc-Edouard Vlasic.
8:48 of 3rd period - Shot Misses the Net.
8:50 of 3rd period - Slapshot by Marc-Edouard Vlasic.
8:50 of 3rd period - Shot Blocked by Jacob Trouba.
9:18 of 3rd period - Slapshot by Joel Edmundson.
9:18 of 3rd period - Shot Misses the Net.
10:57 of 3rd period - Icing by Evgeny Svechnikov.
10:58 of 3rd period - Barrett Hayton wins face-off versus Sean Monahan in Penguins zone.
11:09 of 3rd period - Thomas Chabot is hit by Anders Lee and loses puck.
11:24 of 3rd period - Nick Bonino is hit by Tyler Seguin and loses puck.
11:49 of 3rd period - Wrist shot by Brock McGinn.
11:49 of 3rd period - Shot Misses the Net.
11:51 of 3rd period - Snap shot by Brock McGinn.
11:51 of 3rd period - Shot Blocked by Jacob Trouba.
11:53 of 3rd period - Snap shot by Brock McGinn.
11:53 of 3rd period - Shot Misses the Net.
12:03 of 3rd period - Chandler Stephenson is hit by Evan Rodrigues and loses puck.
12:54 of 3rd period - Off-side.
12:55 of 3rd period - Zack MacEwen wins face-off versus Clayton Keller in neutral zone.
13:10 of 3rd period - Snap shot by Anders Lee.
13:10 of 3rd period - Shot Misses the Net.
13:22 of 3rd period - Evgeny Svechnikov is hit by Bowen Byram and loses puck.
14:01 of 3rd period - Thomas Chabot is hit by Jesper Bratt and loses puck.
14:20 of 3rd period - Jake McCabe is hit by Dominik Simon and loses puck.
14:43 of 3rd period - Alex Goligoski is hit by Kyle Capobianco and loses puck.
14:56 of 3rd period - Wrist shot by Pat Maroon.
14:56 of 3rd period - Goal by Pat Maroon - Penguins : 2 - Islanders : 1.
14:57 of 3rd period - Charlie Coyle wins face-off versus Clayton Keller in neutral zone.
15:18 of 3rd period - Minor Penalty to Jesper Bratt for Tripping.
15:19 of 3rd period - Barrett Hayton wins face-off versus Charlie Coyle in Islanders zone.
15:30 of 3rd period - Snap shot by Charlie Coyle.
15:30 of 3rd period - Stopped by Karel Vejmelka with a rebound.
15:32 of 3rd period - Slapshot by Alex Goligoski.
15:32 of 3rd period - Stopped by Karel Vejmelka with a rebound.
15:44 of 3rd period - Alex Goligoski is hit by Jacob Trouba and loses puck.
15:51 of 3rd period - Wrist shot by Barrett Hayton.
15:51 of 3rd period - Shot Blocked by Jake Guentzel.
17:18 of 3rd period - Penalty to Jesper Bratt is over, Jesper Bratt is back on ice.
17:25 of 3rd period - Slapshot by Brock McGinn.
17:25 of 3rd period - Stopped by Karel Vejmelka with a rebound.
17:56 of 3rd period - Off-side.
17:57 of 3rd period - Clayton Keller wins face-off versus Sean Monahan in neutral zone.
18:02 of 3rd period - Wrist shot by Sean Monahan.
18:02 of 3rd period - Stopped by Karel Vejmelka without a rebound.
18:03 of 3rd period - Sean Monahan wins face-off versus Clayton Keller in Islanders zone.
18:04 of 3rd period - Slapshot by Thomas Chabot.
18:04 of 3rd period - Shot Blocked by Kyle Capobianco.
18:06 of 3rd period - Slapshot by Thomas Chabot.
18:06 of 3rd period - Stopped by Karel Vejmelka without a rebound.
18:07 of 3rd period - Boone Jenner wins face-off versus Sean Monahan in Islanders zone.
18:34 of 3rd period - Wrist shot by Jesper Bratt.
18:34 of 3rd period - Shot Misses the Net.
18:36 of 3rd period - Slapshot by Anders Lee.
18:36 of 3rd period - Stopped by Scott Wedgewood without a rebound.
18:37 of 3rd period - Jake Guentzel wins face-off versus Clayton Keller in Penguins zone.
18:37 of 3rd period - Jake Guentzel is hit by Clayton Keller.
18:43 of 3rd period - Wrist shot by Alex Goligoski.
18:43 of 3rd period - Stopped by Karel Vejmelka with a rebound.
18:59 of 3rd period - Slapshot by Matt Boldy.
18:59 of 3rd period - Shot Misses the Net.
19:01 of 3rd period - Wrist shot by Jake Guentzel.
19:01 of 3rd period - Stopped by Karel Vejmelka with a rebound.
19:03 of 3rd period - Slapshot by Marc-Edouard Vlasic.
19:03 of 3rd period - Stopped by Karel Vejmelka without a rebound.
19:04 of 3rd period - call a timeout for Islanders.
19:04 of 3rd period - Clayton Keller wins face-off versus Jake Guentzel in Islanders zone.
19:48 of 3rd period - Islanders, Karel Vejmelka is pulled from the net.
19:52 of 3rd period - Snap shot by Anders Lee.
19:52 of 3rd period - Shot Misses the Net.
19:54 of 3rd period - Snap shot by Brady Skjei.
19:54 of 3rd period - Stopped by Scott Wedgewood without a rebound.
19:55 of 3rd period - Jake Guentzel wins face-off versus Clayton Keller in Penguins zone.
Goals for this period are 1 for Penguins vs 0 for Islanders.
Shots for this period are 10 for Penguins vs 9 for Islanders.